[Event "*** SCC Grand Prix: Titled Tuesday Blitz"]
[Site "Chess.com"]
[Date "2020.06.09"]
[Round "10"]
[White "goldenpuppy"]
[Black "MartinMatthiesen"]
[Result "1-0"]
[WhiteElo "2232"]
[BlackElo "2341"]
[TimeControl "180+1"]
[EndTime "10:57:18 PDT"]
[Termination "goldenpuppy won by checkmate"]

1. e4 c5 2. Nf3 d6 3. d4 cxd4 4. Nxd4 Nf6 5. Nc3 a6 6. Be3 e5 7. Nf3 Be7 8. Bc4 O-O 9. O-O Nc6 10. Re1 Na5 11. Bb3 Nxb3 12. cxb3 Bg4 13. h3 Bh5 14.
Qe2 Qc8 15. Rac1 Qe6 16. Bg5 Rfc8 17. Bxf6 Bxf6 18. Nd5 Bd8 19. Qd3 Rc6 20. Nb4 Rcc8 21.
Red1 Ba5 22. Nd5 Bd8 23. b4 Qh6 24. Rxc8 Rxc8 25. Nc3 Be7 26. Rd2 Bxf3 27. gxf3 Qxh3 28. Nd5 Bg5 29. Rc2 Rf8 30. Rc7 h6 31. Ne7+ Bxe7 32.
Rxe7 f5 33. Qd5+ Kh8 34. Rf7 Rxf7 35. Qxf7 Qxf3 36. exf5 Qg4+ 37. Kf1 Qd1+ 38. Kg2 Qg4+ 39. Kf1 Qd1+ 40. Kg2 Qg4+ 41. Kh2 e4 42. Qe8+ Kh7 43. Qe6 Qf3 44. Qg6+ Kg8 45. Qe8+ Kh7 46. Qg6+ Kg8 47.
Kg1 Qf4 48. Qe8+ Kh7 49. Qg6+ Kg8 50. Kf1 Qg5 51. Qe8+ Kh7 52. Qxe4 Qf6 53. Ke2 h5 54. b3 Kh6 55. Kf3 Kg5 56. Qf4# 1-0

[Event "*** SCC Grand Prix: Titled Tuesday Blitz"]
[Site "Chess.com"]
[Date "2020.06.09"]
[Round "10"]
[White "Anton_Demchenko"]
[Black "GM_dmitrij"]
[Result "1/2-1/2"]
[WhiteElo "2829"]
[BlackElo "2961"]
[TimeControl "180+1"]
[EndTime "10:57:19 PDT"]
[Termination "Game drawn by repetition"]

1. d4 Nf6 2. Nf3 e6 3. Bf4 d5 4. e3 Bd6 5. Ne5 c5 6. Bb5+ Kf8 7. dxc5 Bxc5 8. O-O Nbd7 9. c4 Nb6 10. Nc3 a6 11.
Ba4 Nxa4 12. Qxa4 h6 13. Rfd1 g5 14. Bg3 b5 15. cxb5 Kg7 16. Rac1 Qb6 17. Qb3 axb5 18.
Nxb5 Ba6 19. a4 Bxb5 20. axb5 Ra5 21. Nd3 Rxb5 22. Qa4 Ne4 23. Be5+ f6 24. Bd4 Bxd4 25. exd4 Rf8 26. b4 Rf7 27. Nc5 Rxb4 28. Nxe6+ Kg6 29.
Qe8 Qb8 30. Rc8 Rb1 31. Nf8+ Kg7 32. Ne6+ Kg6 33. Nf8+ Kg7 34. Ne6+ Kg6 1/2-1/2

[Event "*** SCC Grand Prix: Titled Tuesday Blitz"]
[Site "Chess.com"]
[Date "2020.06.09"]
[Round "10"]
[White "shineatchess"]
[Black "rugbyclub"]
[Result "0-1"]
[WhiteElo "2171"]
[BlackElo "2122"]
[TimeControl "180+1"]
[EndTime "10:57:19 PDT"]
[Termination "rugbyclub won on time"]

1. e4 e5 2. Nf3 Nc6 3. Nc3 Nf6 4. Bb5 Bb4 5. O-O O-O 6. d3 Bxc3 7. bxc3 d6 8. h3 h6 9. Rb1 Qe7 10. Bxc6 bxc6 11. Ba3 Be6 12. c4 Bd7 13. Qd2 Nh5 14. c5 Nf4 15. Kh2 Qf6 16. Qe3 d5 17. exd5 Rfe8 18.
d6 cxd6 19. cxd6 Qg6 20. Rg1 Qh5 21. Nd2 Re6 22. Qf3 Qh4 23. Ne4 f5 24. Nc5 Rxd6 25. Nxd7 Rxd7 26. Qxc6 Rad8 27. Qf3 Re8 28. Rge1 Re6 29.
Rb8+ Kh7 30. Qg3 Qh5 31. Qe3 Rg6 32. Rg1 Rd5 33. c4 Ra5 34. Bc1 Rxa2 35. Qxe5 Nxh3 0-1

[Event "*** SCC Grand Prix: Titled Tuesday Blitz"]
[Site "Chess.com"]
[Date "2020.06.09"]
[Round "10"]
[White "Morshynska"]
[Black "chesstrainer2042"]
[Result "0-1"]
[WhiteElo "2210"]
[BlackElo "2429"]
[TimeControl "180+1"]
[EndTime "10:57:20 PDT"]
[Termination "chesstrainer2042 won on time"]

1. e4 e5 2. Nf3 Nc6 3. Bc4 Nf6 4.
d3 Be7 5. c3 O-O 6. O-O d5 7.
exd5 Nxd5 8. Re1 Bg4 9. h3 Bh5 10. g4 Bg6 11. Nxe5 Nxe5 12. Rxe5 Nb6 13. Re1 Bd6 14.
Na3 Kh8 15. Qf3 f5 16. g5 f4 17. h4 c6 18. Bb3 Qd7 19. d4 Bf5 20. Bd1 Rae8 21.
Rxe8 Rxe8 22. Bd2 Be4 23. Qg4 Qf7 24. Bb3 Bd5 25. Bxd5 Nxd5 26. Re1 Rxe1+ 27. Bxe1 Bxa3 28. bxa3 Nb6 29. Qe2 f3 30. Qe5 h5 31. Qb8+ Kh7 32. Qxa7 Nc4 33. Qc5 Qf4 0-1

[Event "*** SCC Grand Prix: Titled Tuesday Blitz"]
[Site "Chess.com"]
[Date "2020.06.09"]
[Round "10"]
[White "GHANDEEVAM2003"]
[Black "platy3"]
[Result "1-0"]
[WhiteElo "2973"]
[BlackElo "2753"]
[TimeControl "180+1"]
[EndTime "10:57:21 PDT"]
[Termination "GHANDEEVAM2003 won on time"]

1. Nf3 d5 2. c4 d4 3. e3 c5 4. b4 dxe3 5. fxe3 cxb4 6. d4 Nf6 7. Bb2 g6 8. Bd3 Bg7 9. e4 O-O 10. e5 Nh5 11. O-O Bg4 12. Nbd2 Nc6 13. Be4 Qb6 14.
c5 Qc7 15. h3 Bxf3 16. Qxf3 Rad8 17. Nb3 a5 18. Rad1 a4 19. Nc1 f5 20. Bd5+ Kh8 21. Nd3 Nxd4 22. Bxd4 e6 23. Nxb4 exd5 24. Rfe1 Rfe8 25. Qf2 f4 26. e6 Bxd4 27. Qxd4+ Qg7 28. Nxd5 Qxd4+ 29. Rxd4 g5 30. Nc7 Rxd4 31. Nxe8 1-0

[Event "*** SCC Grand Prix: Titled Tuesday Blitz"]
[Site "Chess.com"]
[Date "2020.06.09"]
[Round "10"]
[White "isainz"]
[Black "Charlottemillard17"]
[Result "1-0"]
[WhiteElo "2161"]
[BlackElo "1519"]
[TimeControl "180+1"]
[EndTime "10:57:21 PDT"]
[Termination "isainz won by checkmate"]

1. e4 e5 2. Nf3 Nc6 3. d4 exd4 4. Bc4 Bc5 5. c3 Nge7 6. cxd4 Bb4+ 7. Nc3 O-O 8. O-O Na5 9. Bd3 d5 10. exd5 Nxd5 11.
Qc2 h6 12. a3 Bxc3 13. bxc3 Bg4 14. Ne5 Qh4 15. Re1 Nf4 16. Bxf4 Be6 17. Bg3 Qf6 18. c4 Rfd8 19. d5 Bd7 20. Nxd7 Rxd7 21. Be5 Qd8 22. Qc3 f6 23. Bf4 Nxc4 24. Bxc4 a6 25. d6+ Kh8 26. dxc7 Rxc7 27. Bxc7 Qxc7 28. Qb3 b5 29. Bd5 Rd8 30. Rad1 Rd6 31. Qf3 Qd8 32. Be4 Rd7 33. Rxd7 Qxd7 34. Qf5 Qxf5 35. Bxf5 Kg8 36. Bg6 Kf8 37. Re8# 1-0

[Event "*** SCC Grand Prix: Titled Tuesday Blitz"]
[Site "Chess.com"]
[Date "2020.06.09"]
[Round "10"]
[White "parnali1611"]
[Black "MuhittinBuker"]
[Result "0-1"]
[WhiteElo "2039"]
[BlackElo "1923"]
[TimeControl "180+1"]
[EndTime "10:57:22 PDT"]
[Termination "MuhittinBuker won by checkmate"]

1. d4 Nf6 2. c4 e6 3. Nc3 Bb4 4.
Nf3 b6 5. Qc2 Bb7 6. Bg5 O-O 7.
a3 Bxc3+ 8. Qxc3 d5 9. Bxf6 Qxf6 10. cxd5 Bxd5 11. Qxc7 Nc6 12. e3 Rac8 13. Qg3 Qf5 14. Ba6 Rcd8 15. Nd2 Qc2 16. e4 Bxe4 17. Qe3 Bxg2 18.
Rg1 Bd5 19. Bd3 Qxb2 20. Rb1 Qxd4 21. Qh3 g6 22. Rg4 Qe5+ 23. Kf1 Qf6 24. Be4 Ne5 25.
Rh4 Qg7 26. Re1 Bxe4 27. Nxe4 Nd3 28. Rxh7 Qxh7 29. Nf6+ Kg7 30. Qxh7+ Kxf6 31. Re3 Nf4 32. Rf3 e5 33. Ke1 Rd6 34. Qh4+ Kg7 35. Rc3 Rfd8 36. Qg5 Rd1# 0-1

[Event "*** SCC Grand Prix: Titled Tuesday Blitz"]
[Site "Chess.com"]
[Date "2020.06.09"]
[Round "10"]
[White "mamonika"]
[Black "Nara_Kh"]
[Result "0-1"]
[WhiteElo "1932"]
[BlackElo "2248"]
[TimeControl "180+1"]
[EndTime "10:57:22 PDT"]
[Termination "Nara_Kh won by checkmate"]

1. e4 d6 2. d4 Nf6 3. Nc3 g6 4. Be3 c6 5. Qd2 b5 6. f3 Nbd7 7. Nh3 e5 8. Nf2 b4 9. Na4 exd4 10. Bxd4 c5 11. Be3 Be7 12. Bc4 O-O 13. O-O a5 14. b3 Bb7 15. Rad1 Qc7 16. Bf4 Ne5 17. Bxe5 dxe5 18. Nd3 Rac8 19. c3 Nh5 20. Qe3 Nf4 21.
Nxf4 exf4 22. Qe2 Bf6 23. cxb4 axb4 24. Rd3 Bd4+ 25. Kh1 Rfd8 26. Rfd1 Qe5 27. Nb6 Rc6 28. Nd5 g5 29. Qe1 Rh6 30. h3 Bxd5 31. Bxd5 Rxd5 32.
exd5 Qf5 33. Qe8+ Kg7 34. Rxd4 cxd4 35. d6 Rxh3+ 36. Kg1 Rh6 37. d7 Qc5 38. d8=Q d3+ 39. Kf1 Rh1# 0-1

[Event "*** SCC Grand Prix: Titled Tuesday Blitz"]
[Site "Chess.com"]
[Date "2020.06.09"]
[Round "10"]
[White "Lagmantr"]
[Black "Nafania1"]
[Result "0-1"]
[WhiteElo "2708"]
[BlackElo "2478"]
[TimeControl "180+1"]
[EndTime "10:57:23 PDT"]
[Termination "Nafania1 won on time"]

1. e4 e6 2. d4 d5 3. Nc3 h6 4.
exd5 exd5 5. Bd3 Nf6 6. Nge2 Be7 7. O-O O-O 8. h3 a6 9. Bf4 c5 10. dxc5 Bxc5 11. Be5 Be6 12. Nf4 Nc6 13. Bxf6 Qxf6 14.
Ncxd5 Bxd5 15. Nxd5 Qxb2 16. Rb1 Qe5 17. Rxb7 Kh8 18. c4 Bd6 19. g3 Bc5 20. Qg4 Rae8 21. Rc7 Re6 22. Qf4 f5 23. Kg2 Bd4 24. Rb1 g5 25. Qxe5+ Nxe5 26. Rbb7 Nxd3 27. Rh7+ Kg8 28. Rhd7 Nc5 29. Rbc7 Nxd7 30. Rxd7 Rf7 31. Rd8+ Kg7 32.
Ra8 Re2 33. Rxa6 Rxf2+ 34. Kh1 Rb7 0-1

[Event "*** SCC Grand Prix: Titled Tuesday Blitz"]
[Site "Chess.com"]
[Date "2020.06.09"]
[Round "10"]
[White "RaphCamora"]
[Black "XDPS"]
[Result "1-0"]
[WhiteElo "2501"]
[BlackElo "2656"]
[TimeControl "180+1"]
[EndTime "10:57:23 PDT"]
[Termination "RaphCamora won on time"]

1. e4 c5 2. Nf3 d6 3. d4 cxd4 4. Nxd4 Nf6 5. Nc3 a6 6. Bg5 Nbd7 7. Bc4 Qc7 8. Bb3 b5 9. O-O Bb7 10. Re1 h6 11. Bxf6 Nxf6 12. Nd5 Nxd5 13. exd5 g6 14. Qg4 Bg7 15. c3 O-O 16. a4 bxa4 17. Rxa4 Rfe8 18.
h4 h5 19. Qf4 Qd7 20. Nc6 Bf6 21. Rc4 Rac8 22. Ba4 Kg7 23. Na7 Rxc4 24. Qxc4 Qd8 25.
Bxe8 Qxe8 26. Nc6 Qd7 27. Qe4 e6 28. Nb4 e5 29. Nc6 Qc7 30. c4 Qb6 31. b4 Bxc6 32.
dxc6 Qxb4 33. c7 Qc5 34. Qb7 1-0

[Event "*** SCC Grand Prix: Titled Tuesday Blitz"]
[Site "Chess.com"]
[Date "2020.06.09"]
[Round "10"]
[White "imdvb6307"]
[Black "Shivagami"]
[Result "1-0"]
[WhiteElo "2402"]
[BlackElo "2266"]
[TimeControl "180+1"]
[EndTime "10:57:25 PDT"]
[Termination "imdvb6307 won on time"]

1. c4 e5 2. Nc3 Bb4 3. Qc2 Nf6 4.
Nf3 Bxc3 5. Qxc3 e4 6. Nd4 d5 7. c5 c6 8. b4 O-O 9. Bb2 Nbd7 10. f4 exf3 11. gxf3 Re8 12. Rg1 Ne5 13. d3 a5 14.
b5 cxb5 15. O-O-O b4 16. Qd2 Qc7 17. Kb1 Qxc5 18. h4 Bd7 19. Qg5 Ng6 20. Rc1 Qf8 21.
Nf5 Bxf5 22. Qxf5 h5 23. Bxf6 gxf6 24. Qxh5 Re5 25. Qg4 Kh7 26. f4 Re7 27. f5 Ne5 28.
Qg2 Qh6 29. Qxd5 1-0

[Event "*** SCC Grand Prix: Titled Tuesday Blitz"]
[Site "Chess.com"]
[Date "2020.06.09"]
[Round "10"]
[White "TST2014"]
[Black "MNyuyu"]
[Result "1/2-1/2"]
[WhiteElo "2514"]
[BlackElo "2365"]
[TimeControl "180+1"]
[EndTime "10:57:27 PDT"]
[Termination "Game drawn by repetition"]

1. d4 d5 2. c4 e6 3. Nf3 Be7 4.
Nc3 Nf6 5. Bf4 O-O 6. e3 b6 7.
Bd3 Bb7 8. O-O Nbd7 9. Qe2 c5 10.
cxd5 Nxd5 11. Nxd5 Bxd5 12. e4 Bb7 13. Ba6 Bxa6 14.
Qxa6 cxd4 15. Nxd4 Nc5 16. Qc4 Rc8 17. Rac1 Qd7 18.
Rfd1 Nxe4 19. Nc6 Qxc6 20. Qxc6 Rxc6 21. Rxc6 Bc5 22. Be3 h6 23. Bxc5 Nxc5 24. Rc7 a5 25. Rd6 Rb8 26. b3 f6 27. f3 e5 28. Kf2 Kh7 29.
Rxf6 e4 30. Rff7 Rg8 31. Rc6 Re8 32. Rxb6 e3+ 33. Ke2 Nd3 34. Rbb7 Nc1+ 35. Ke1 Nd3+ 36. Ke2 Nc1+ 37. Kd1 e2+ 38. Kc2 e1=Q 39. Rxg7+ Kh8 40. Rh7+ Kg8 41. Rbg7+ Kf8 42. Rf7+ Kg8 43. Rhg7+ Kh8 44.
Rh7+ Kg8 45. Rfg7+ Kf8 46. Rf7+ Kg8 1/2-1/2

[Event "*** SCC Grand Prix: Titled Tuesday Blitz"]
[Site "Chess.com"]
[Date "2020.06.09"]
[Round "10"]
[White "Shushik"]
[Black "ChronicUnhappiness"]
[Result "1-0"]
[WhiteElo "2192"]
[BlackElo "2308"]
[TimeControl "180+1"]
[EndTime "10:57:27 PDT"]
[Termination "Shushik won by resignation"]

1. e4 c5 2. Nf3 Nc6 3. d4 cxd4 4. Nxd4 Nf6 5. Nc3 e5 6. Ndb5 d6 7. Bg5 a6 8. Na3 b5 9. Nd5 Be7 10. Bxf6 Bxf6 11. c4 b4 12. Nc2 O-O 13. b3 Bg5 14. g3 a5 15. h4 Bh6 16. Bg2 Ne7 17. Nce3 Bxe3 18. Nxe3 Nc6 19. h5 h6 20. Nf5 Bxf5 21. exf5 Nd4 22. Bxa8 Qxa8 23. Kd2 d5 24. Rc1 Nf3+ 25.
Qxf3 e4 26. Qe3 d4 27. Qf4 a4 28. f6 axb3 29. Qg4 Qxa2+ 30. Kd1 g6 31. hxg6 b2 32. gxf7+ Kxf7 33. Qg7+ Ke6 34. Qe7+ Kf5 35. g4+ Kg5 36. Qe5+ Kg6 37. Rxh6+ 1-0

[Event "*** SCC Grand Prix: Titled Tuesday Blitz"]
[Site "Chess.com"]
[Date "2020.06.09"]
[Round "10"]
[White "freshfoodcompany"]
[Black "PawnEatingZombie"]
[Result "1-0"]
[WhiteElo "2212"]
[BlackElo "2108"]
[TimeControl "180+1"]
[EndTime "10:57:27 PDT"]
[Termination "freshfoodcompany won on time"]

1. d4 d5 2. c4 e6 3. Nc3 Bb4 4.
cxd5 exd5 5. Bf4 c6 6. e3 Ne7 7.
Bd3 Bf5 8. Ne2 O-O 9. O-O Bxd3 10. Qxd3 Bd6 11. Bxd6 Qxd6 12. Ng3 Nd7 13. Nf5 Nxf5 14.
Qxf5 Nb6 15. Rfd1 Qb4 16. Qc2 Nc4 17. Rab1 Qe7 18. Rbc1 g6 19. Ne2 Rfe8 20. Ng3 Nd6 21. Re1 h5 22. f3 h4 23. Nf1 h3 24. g3 Qf6 25. Qf2 Rad8 26. Nd2 Nf5 27. Re2 Kg7 28. Rce1 Re7 29. Nf1 Rde8 30. Nd2 c5 31. dxc5 d4 32. e4 Ne3 33. Nb3 Nc4 34. Qxd4 Qxd4+ 35. Nxd4 f6 36. b3 Ne5 37. Re3 Rd8 38. Rd1 1-0

[Event "*** SCC Grand Prix: Titled Tuesday Blitz"]
[Site "Chess.com"]
[Date "2020.06.09"]
[Round "10"]
[White "gross-aleks"]
[Black "StephenDedalus83"]
[Result "1-0"]
[WhiteElo "2602"]
[BlackElo "2725"]
[TimeControl "180+1"]
[EndTime "10:57:28 PDT"]
[Termination "gross-aleks won by checkmate"]

1. c4 c5 2. g3 Nc6 3. Bg2 g6 4. Nc3 Bg7 5. d3 e5 6. Nd5 Nge7 7. Bg5 h6 8. Bf6 Bxf6 9. Nxf6+ Kf8 10. Qd2 d6 11.
Nf3 Kg7 12. Ne4 f5 13. Nc3 Be6 14. Rc1 Qd7 15. O-O Raf8 16. e3 g5 17. Rfd1 Nd8 18. d4 cxd4 19. exd4 e4 20. d5 Bf7 21. Nd4 Bh5 22. f3 Ng6 23. fxe4 f4 24. Nf5+ Kh7 25. Rf1 Nf7 26. h3 fxg3 27. Nxg3 Nf4 28. Rxf4 gxf4 29. Nxh5 Ng5 30. Nxf4 Rhg8 31. Kh2 Qg7 32. Nce2 Qe5 33. Qe3 Rf7 34. Kh1 Rgf8 35. Nd3 Qg7 36. e5 Nf3 37. e6 Rf5 38. Qe4 Ng5 39. Qg4 Qg6 40. Nef4 Qf6 41. Rg1 Qd4 42. e7 Ne4 43. exf8=Q Nf2+ 44. Nxf2 Rxf8 45. Qg6+ Kh8 46. Ne6 Rf6 47. Qg7# 1-0

[Event "*** SCC Grand Prix: Titled Tuesday Blitz"]
[Site "Chess.com"]
[Date "2020.06.09"]
[Round "10"]
[White "GoValya"]
[Black "Kilpkonn"]
[Result "1-0"]
[WhiteElo "2165"]
[BlackElo "1985"]
[TimeControl "180+1"]
[EndTime "10:57:28 PDT"]
[Termination "GoValya won on time"]

1. d4 Nf6 2. c4 e5 3. d5 d6 4. Nc3 Be7 5. e4 c5 6. Be2 a6 7.
Nf3 O-O 8. O-O Bd7 9. a4 Bg4 10. h3 Bh5 11. Ng5 Bg6 12. f4 exf4 13. Bd3 h6 14. Nf3 Nh5 15. e5 Ng3 16. Re1 dxe5 17.
Nxe5 Bxd3 18. Qxd3 Bg5 19. Ne4 Nd7 20. Nxd7 Qxd7 21.
Nxc5 Qc7 22. Ne4 Rfe8 23. Bd2 Qb6+ 24. Kh2 Qxb2 25. Bc3 Qb3 26. Reb1 Qxb1 27. Rxb1 Rxe4 28. Rxb7 Rae8 29. d6 Re2 30. d7 Rd8 31. Ba5 Rxg2+ 32. Kxg2 f3+ 33. Qxf3 Bf4 34. Qxf4 Ne2 35. Qc7 Rf8 36.
d8=Q Nf4+ 37. Kf3 Rxd8 38. Qxd8+ Kh7 39. Kxf4 1-0

[Event "*** SCC Grand Prix: Titled Tuesday Blitz"]
[Site "Chess.com"]
[Date "2020.06.09"]
[Round "10"]
[White "Batsai"]
[Black "tamarozi99"]
[Result "1-0"]
[WhiteElo "2305"]
[BlackElo "2060"]
[TimeControl "180+1"]
[EndTime "10:57:29 PDT"]
[Termination "Batsai won by checkmate"]

1. d4 Nf6 2. c4 g6 3. Nc3 Bg7 4.
e4 d6 5. Nf3 O-O 6. Be2 e5 7. d5 a5 8. Bg5 h6 9. Be3 Na6 10. Nd2 Nc5 11. b3 Nfxe4 12. Ndxe4 Nxe4 13. Nxe4 f5 14. Nc3 f4 15. Bd2 Bf5 16. f3 Qh4+ 17. Kf1 e4 18. fxe4 f3 19. Bxf3 Bxe4 20. Nxe4 Qxe4 21. Rc1 Rae8 22. Be1 Qf4 23. Bf2 g5 24. h3 h5 25. Rc2 g4 26. hxg4 hxg4 27. Bxg4 Bd4 28. Bf3 Bxf2 29. Rxf2 Re3 30. Qc2 Rf7 31.
Qg6+ Kf8 32. Rh8+ Ke7 33. Qg8 Rxf3 34. Qd8# 1-0

[Event "*** SCC Grand Prix: Titled Tuesday Blitz"]
[Site "Chess.com"]
[Date "2020.06.09"]
[Round "10"]
[White "Lion-Al-Messi"]
[Black "Natalya_Buksa"]
[Result "0-1"]
[WhiteElo "2415"]
[BlackElo "2576"]
[TimeControl "180+1"]
[EndTime "10:57:32 PDT"]
[Termination "Natalya_Buksa won by checkmate"]

1. e4 c5 2. Nf3 Nc6 3. d4 cxd4 4. Nxd4 Nf6 5. Nc3 e5 6. Nb3 d6 7. Bc4 Be7 8. Be3 O-O 9. f3 Be6 10. Qe2 Na5 11. Bxe6 fxe6 12. O-O-O Nxb3+ 13. axb3 Qa5 14. Kb1 d5 15. exd5 exd5 16. Bg5 d4 17. Ne4 Rac8 18. Bd2 Bb4 19. Bxb4 Qxb4 20. Rhe1 a5 21. Nxf6+ gxf6 22. Qe4 a4 23. bxa4 Qxa4 24. Qd5+ Kh8 25. Re2 Ra8 26.
Kc1 Qb4 27. Kb1 Ra5 28. Qb3 Qc5 29. Kc1 Rfa8 30. Kd2 Rb5 31. Qf7 Qb6 32. Re4 Rg8 33. Rh4 Rxg2+ 34. Kd3 Rg7 35. Qf8+ Rg8 36. Qh6 Rg7 37.
Rg1 Rb3+ 38. cxb3 Qxb3+ 39. Ke4 Qc2+ 40. Kd5 Qc6# 0-1

[Event "*** SCC Grand Prix: Titled Tuesday Blitz"]
[Site "Chess.com"]
[Date "2020.06.09"]
[Round "10"]
[White "DenLaz"]
[Black "Sychev_Klementy"]
[Result "1-0"]
[WhiteElo "2671"]
[BlackElo "2831"]
[TimeControl "180+1"]
[EndTime "10:57:33 PDT"]
[Termination "DenLaz won on time"]

1. d4 Nf6 2. c4 g6 3. g3 Bg7 4. Bg2 O-O 5. Nc3 d6 6. Nf3 Nc6 7. O-O a5 8. b3 e5 9. Bb2 e4 10. Nd2 e3 11. fxe3 Ng4 12. Rf3 Re8 13. Nf1 h5 14. Nd5 Ne7 15. Nxe7+ Qxe7 16. h3 Nh6 17. e4 c5 18. e3 Bd7 19. Rf2 Bc6 20. Nd2 f5 21.
Qc2 cxd4 22. exd4 fxe4 23. d5 e3 24. Re2 Bxb2 25. Qxb2 Bd7 26. Ne4 Rf8 27. Rxe3 Nf5 28. Re2 Rae8 29. Rae1 Qd8 30. Rf1 b5 31. g4 Qb6+ 32. Kh2 Ne3 33. Nf6+ Rxf6 34. Rxf6 Re5 35. Qxe5 1-0

[Event "*** SCC Grand Prix: Titled Tuesday Blitz"]
[Site "Chess.com"]
[Date "2020.06.09"]
[Round "10"]
[White "bait_or_mate"]
[Black "LittlePeasant"]
[Result "0-1"]
[WhiteElo "2599"]
[BlackElo "2803"]
[TimeControl "180+1"]
[EndTime "10:57:34 PDT"]
[Termination "LittlePeasant won by resignation"]

1. d4 Nf6 2. c4 c5 3. Nf3 cxd4 4. Nxd4 b6 5. Nc3 Bb7 6. f3 e6 7. e4 d6 8. Be2 Be7 9. O-O O-O 10. Be3 a6 11. Qd2 Nbd7 12. Rfc1 Qb8 13. a4 Bd8 14. a5 bxa5 15. Na4 Bc7 16. g3 Re8 17. Bf2 Ne5 18. c5 dxc5 19. Nxc5 Rd8 20. Qc3 Bb6 21. Na4 Ba7 22.
Ra3 Bxe4 23. Nc5 Bd5 24. Nxa6 Qd6 25. Rxa5 Bb7 26. Nc5 Nd5 27. Nxb7 Nxc3 28. Nxd6 Bxd4 29. Rxa8 Nxe2+ 30. Kf1 Rxa8 31. Kxe2 Bxb2 32. Rc2 Ba3 33. Rc8+ Rxc8 34. Nxc8 g5 35. Nb6 g4 36. fxg4 Nxg4 37.
h3 Nxf2 38. Nc4 Bc5 0-1

[Event "*** SCC Grand Prix: Titled Tuesday Blitz"]
[Site "Chess.com"]
[Date "2020.06.09"]
[Round "10"]
[White "earling8018"]
[Black "BikingBrian"]
[Result "0-1"]
[WhiteElo "2089"]
[BlackElo "2314"]
[TimeControl "180+1"]
[EndTime "10:57:34 PDT"]
[Termination "BikingBrian won by resignation"]

1. d4 Nf6 2. c4 g6 3. Nc3 Bg7 4. e4 d6 5. Nf3 O-O 6. h3 e5 7.
d5 Na6 8. g4 Nc5 9. Qc2 a5 10.
Be3 c6 11. Rg1 a4 12. Rg3 Qa5 13. Nd2 cxd5 14. exd5 Ne8 15. Bd3 Nxd3+ 16. Qxd3 f5 17.
gxf5 Bxf5 18. Nde4 Nf6 19. Kf1 Nh5 20. Rf3 Nf4 21.
Bxf4 exf4 22. Re1 a3 23. bxa3 Rae8 24. Re2 Qxa3 25. Kg2 Bxe4 26. Rxe4 Qxc3 27. Qxc3 Bxc3 28. Rxe8 Rxe8 29. Rxc3 Re2 30. Kf3 Rxa2 31. Rb3 Ra4 32.
Rxb7 Rxc4 33. Rd7 Rc3+ 34. Kxf4 Rxh3 35. Rxd6 Kf7 36. Rd7+ Kf6 37. Kg4 Rd3 38. Rxh7 Rxd5 39. Rh8 Rd4+ 40. Kg3 Kg5 41. f3 Rd3 42. Rg8 Rc3 43. Rd8 Rb3 44. Rd5+ Kh6 45. Rc5 Rb4 46. Ra5 Rc4 47. Rc5 Rxc5 0-1

[Event "*** SCC Grand Prix: Titled Tuesday Blitz"]
[Site "Chess.com"]
[Date "2020.06.09"]
[Round "10"]
[White "kushagramohan"]
[Black "szachuspl"]
[Result "1-0"]
[WhiteElo "2721"]
[BlackElo "2559"]
[TimeControl "180+1"]
[EndTime "10:57:36 PDT"]
[Termination "kushagramohan won by resignation"]

1. e4 c5 2. Nf3 e6 3. d4 cxd4 4. Nxd4 Nc6 5. Nc3 a6 6. Nxc6 bxc6 7. Bd3 d5 8. O-O Nf6 9. Re1 Be7 10. e5 Nd7 11. Bf4 c5 12. b3 Bb7 13. Na4 Bg5 14.
Qg4 Bxf4 15. Qxf4 O-O 16. c4 d4 17. Be4 Bxe4 18. Qxe4 Qc7 19. Nb2 a5 20. Nd3 a4 21. h4 h6 22. Reb1 axb3 23. axb3 Rxa1 24. Rxa1 Rb8 25. Rb1 Qb7 26. Qxb7 Rxb7 27. f4 h5 28. b4 cxb4 29. Rxb4 Rc7 30. Kf2 Kh7 31. Kf3 Kg6 32. Ke4 Rc6 33. Kxd4 Kf5 34. Rb7 Nb6 35. c5 Nd5 36. Rxf7+ Kg6 37. Ra7 Rc8 38. Kc4 Ne3+ 39. Kb5 Nxg2 40. c6 Nxh4 41. c7 Nf5 42. Kc6 Rf8 43. Nc5 Ne7+ 44. Kd7 Nd5 45. Nxe6 Rf7+ 46.
Kc6 Ne7+ 47. Kb7 h4 48. Ra3 Kf5 49. Nd4+ Kxf4 50. Rf3+ Kxe5 51. Rxf7 1-0

[Event "*** SCC Grand Prix: Titled Tuesday Blitz"]
[Site "Chess.com"]
[Date "2020.06.09"]
[Round "10"]
[White "RobertoJBM"]
[Black "Aradej"]
[Result "1-0"]
[WhiteElo "2712"]
[BlackElo "2497"]
[TimeControl "180+1"]
[EndTime "10:57:36 PDT"]
[Termination "RobertoJBM won on time"]

1. d4 d6 2. e4 Nf6 3. Nc3 e5 4. dxe5 dxe5 5. Qxd8+ Kxd8 6. Bc4 Ke8 7. f3 c6 8. Be3 Nbd7 9. O-O-O Bc5 10. Bxc5 Nxc5 11.
Nge2 Be6 12. Bxe6 Nxe6 13. Kd2 Ke7 14. Ke3 Rhd8 15. Rd3 Rxd3+ 16. cxd3 Rd8 17. Rd1 Nd4 18. Rd2 g6 19. h3 h5 20. f4 Nxe2 21. Nxe2 exf4+ 22. Nxf4 Ne8 23. d4 Nc7 24. Nd3 Ne6 25. Ne5 h4 26.
Nf3 g5 27. d5 cxd5 28. exd5 Nf4 29. Nxg5 Nxd5+ 30. Kf2 Rd6 31. Nf3 Nb4 32. Re2+ Kf6 33.
Nxh4 Nxa2 34. g4 Nc1 35. Rc2 Nd3+ 36. Ke3 Ne5 37. Nf5 Rd3+ 38. Ke4 Rxh3 39. g5+ Kxg5 40.
Kxe5 Rb3 41. Rg2+ Kh5 42. Kf6 Rb6+ 43. Kxf7 a5 44. Ke7 a4 45. Nd4 Rb4 46. Ne6 b6 47.
Kf6 Rb3 48. Kf5 Kh4 49. Nf4 Rb5+ 50. Ke4 Rb4+ 51. Ke5 Rb3 52. Nd5 a3 53. bxa3 Rxa3 54. Nxb6 Rg3 55. Rf2 Kg4 56. Nd5 Rf3 57. Nf6+ Kg3 58.
Ne4+ Kg4 59. Rg2+ Kh3 60. Rg8 Rf7 61. Ng5+ 1-0

[Event "*** SCC Grand Prix: Titled Tuesday Blitz"]
[Site "Chess.com"]
[Date "2020.06.09"]
[Round "10"]
[White "FMalexhdez"]
[Black "eCztery"]
[Result "1-0"]
[WhiteElo "2155"]
[BlackElo "2376"]
[TimeControl "180+1"]
[EndTime "10:57:36 PDT"]
[Termination "FMalexhdez won by resignation"]

1. e4 c5 2. Nf3 g6 3. d4 cxd4 4. Nxd4 Nc6 5. Nc3 Bg7 6. Nb3 d6 7. Be2 Nf6 8. O-O O-O 9. Re1 Be6 10. Bf1 Qc8 11. Nd5 Re8 12. Bg5 Bxd5 13. exd5 Nb4 14. c4 a5 15. Nd4 Na6 16. Rc1 Nc5 17. g3 a4 18. Bg2 h6 19. Bf4 Qd7 20. Qd2 Kh7 21.
h4 Rac8 22. Bf3 e5 23. dxe6 fxe6 24. Nb5 e5 25. Be3 Qf5 26. Bxc5 dxc5 27. Bg2 Rcd8 28. Qe2 e4 29. Rcd1 Rxd1 30. Rxd1 Ng4 31. Nd6 Qe6 32. Nxe8 Bd4 33. Rxd4 cxd4 34. Qxg4 Qxe8 35. Qxe4 Qd8 36. h5 Qg5 37. Qxg6+ Qxg6 38. hxg6+ Kxg6 39. Bxb7 Kf5 40. Kf1 Ke5 41. Ke2 Kd6 42. Kd3 Kc5 43. Bd5 h5 44. f4 Kb4 45. f5 a3 46. bxa3+ Kxa3 47. Kxd4 Kxa2 48. f6 h4 49. gxh4 1-0

[Event "*** SCC Grand Prix: Titled Tuesday Blitz"]
[Site "Chess.com"]
[Date "2020.06.09"]
[Round "10"]
[White "OdChessWorld"]
[Black "mishanick"]
[Result "0-1"]
[WhiteElo "2805"]
[BlackElo "2947"]
[TimeControl "180+1"]
[EndTime "10:57:37 PDT"]
[Termination "mishanick won by checkmate"]

1. d4 Nf6 2. c4 e6 3. Nf3 d5 4. g3 Bb4+ 5. Bd2 Be7 6. Bg2 c6 7. O-O Nbd7 8. Qc2 O-O 9. Bf4 b6 10. Nbd2 Nh5 11. Rac1 Nxf4 12. gxf4 Bb7 13. e3 Rc8 14.
Rfd1 Bd6 15. Ne5 Qe7 16. Nxd7 Qxd7 17. Nf3 Qe7 18. c5 bxc5 19. dxc5 Bb8 20. b4 f6 21. a4 e5 22. e4 d4 23. Qc4+ Kh8 24. f5 g5 25. Nd2 g4 26. Qd3 Rg8 27. Nc4 Bc7 28. Bf1 Ba6 29. Qg3 Rb8 30. Rb1 Rg5 31.
Nd2 Bc8 32. Rdc1 a6 33. Bc4 h5 34. Qh4 Qf8 35. Bd3 Qh6 36. Nc4 Rg8 37. a5 Bb7 38. Nb6 Rg7 39. Bf1 Rf8 40. Rd1 Rh7 41. Ra1 Qf4 42. Bd3 Rg7 43. Rdc1 Qd2 44. Bf1 Qxb4 45. Bc4 Qd2 46. Qxh5+ Rh7 47. Qg6 Qf4 48. Bf1 Qxh2# 0-1